 Dungeon Crawl Stone Soup version 0.31-a0-263-ge8cad7f256 (webtiles) character file.

Game seed: 5939773751306338194

67 qw the Shooter (level 4, -2/36 HPs)
             Began as a Minotaur Hexslinger on July 13, 2023.
             Slain by a gnoll
             ... wielding a +0 flail
              (4 damage)
             ... on level 3 of the Dungeon.
             The game lasted 00:00:34 (1707 turns).

qw the Shooter (Minotaur Hexslinger)                Turns: 1707, Time: 00:00:34

Health: -2/36      AC:  5    Str: 13    XL:     4   Next: 0%
Magic:  4/4        EV: 11    Int: 10    God:
Gold:   117        SH:  0    Dex: 14    Spells: 4/5 levels left

rFire   . . .        h - +1 sling (heavy)
rCold   . . .        (no shield)
rNeg    . . .        i - +0 ring mail
rPois   .            (helmet restricted)
rElec   .            (no cloak)
rCorr   .            (no gloves)
SInv    .            (no boots)
Will    .....        (no amulet)
Stlth   +            (no ring)
HPRegen 0.26/turn    (no ring)
MPRegen 0.09/turn

%: no passive effects
@: no status effects
A: horns 2, retaliatory headbutt
a: no special abilities


You were on level 3 of the Dungeon.
You visited 1 branch of the dungeon, and saw 3 of its levels.

You collected 117 gold pieces.


Innate Abilities, Weirdness & Mutations

You have a pair of horns on your head.
You reflexively headbutt those who attack you in melee.


   Skills:
 - Level 2.0 Fighting
 + Level 4.3 Ranged Weapons
 - Level 1.0 Armour
 - Level 2.1 Dodging
 - Level 1.0 Spellcasting
 - Level 2.0 Hexes


You had 4 spell levels left.
You knew the following spells:

 Your Spells              Type           Power      Damage    Failure   Level
a - Slow                  Hex            16%        N/A       32%         1

Your spell library contained the following spells:

 Spells                   Type           Power      Damage    Failure   Level
 Inner Flame              Hex/Fire       2%         N/A       82%         3
 Portal Projectile        Hex/Tloc       4%         N/A       82%         3
 Cause Fear               Hex            2%         N/A       97%         4

Inventory:

Hand Weapons
 h - a +1 heavy sling (weapon)
Armour
 i - a +0 ring mail (worn)
Scrolls
 a - a scroll of amnesia {unknown}
 e - a scroll of identify
 j - a scroll of teleportation
Potions
 b - a potion of invisibility {unknown}
 c - a potion of mutation {unknown}
 d - a potion of enlightenment
 f - a potion of heal wounds
 g - a potion of attraction {unknown}

Dungeon Overview and Level Annotations

Branches:
Dungeon (3/15)

Altars:
The Shining One


Message History

Enter note:
Enter note:
There is a stone staircase leading up here.
A goblin comes into view. It is wielding a +0 dagger.
Enter note:
Enter note:
Enter note: You shoot a sling bullet.
The sling bullet hits the goblin!
You kill the goblin!
You have reached level 4!
You feel stronger.
Found a book of Dreams.
Enter note:
Enter note:
Enter note: You see here a +0 dagger.
You see here a +0 dagger.
There is a stone staircase leading up here.
A gnoll comes into view. It is wielding a +0 flail.
The gnoll shouts!
You hear a shout!
A gnoll comes into view. It is wielding a +0 halberd.
The gnoll moves out of view.
You hear a shout!
Enter note:
Enter note:
Enter note: You shoot a sling bullet.
The sling bullet closely misses the gnoll.
The gnoll closely misses you.
The gnoll hits you from afar with a +0 halberd!
You shoot a sling bullet.
The sling bullet hits the gnoll but does no damage.
The gnoll hits you with a +0 flail. The gnoll barely misses you.
The gnoll hits you with a +0 flail. The gnoll completely misses you.
You shoot a sling bullet.
The sling bullet barely misses the gnoll.
A gnoll comes into view. It is wielding a +0 spear.
The gnoll hits you with a +0 flail!
The gnoll hits you from afar with a +0 halberd.
The gnoll hits you but does no damage. The gnoll hits you with a +0 flail.
You die...

#..#.# #... #..#.# ##.#
#..#.# #.# #..#.# #.#
### #..#.####.#
.g#######..........
######g...............#.
......g#######.#####....
#.@.......# #....
########### #.... #....
#####


You could see 3 gnolls.

Vanquished Creatures
  An adder (D:3)
  3 dart slugs
  8 ball pythons
  3 endoplasms
  2 giant cockroaches (D:1)
  3 goblins
  5 hobgoblins
  8 jackals
  A quokka (D:3)
  4 bats
  A frilled lizard (D:1)
  8 kobolds
  A rat (D:2)
48 creatures vanquished.

Notes
Turn   | Place    | Note
-------+----------+-------------------------------------------
     0 | D:1      | qw the Minotaur Hexslinger began the quest for the Orb.
     0 | D:1      | Reached XP level 1. HP: 16/16 MP: 1/1
     0 | D:1      | 0 ||| qw: Version: 0.3-a-52-g30416fa
     0 | D:1      | 0 ||| qw: Game counter: 7299
     0 | D:1      | 0 ||| qw: Melee chars always use a shield: true
     0 | D:1      | 0 ||| qw: God list: Okawaru
     0 | D:1      | 0 ||| qw: Allow faded altars: false
     0 | D:1      | 0 ||| qw: Do Orc after clearing Dungeon:15 true
     0 | D:1      | 0 ||| qw: Do second Lair branch before Depths: true
     0 | D:1      | 0 ||| qw: Lair rune preference: random
     0 | D:1      | 0 ||| qw: Goals: Normal
     0 | D:1      | 0 ||| PLANNING D:1-11
   188 | D:1      | Reached skill level 3 in Ranged Weapons
   188 | D:1      | Reached XP level 2. HP: 23/23 MP: 2/2
   491 | D:1      | Reached XP level 3. HP: 29/29 MP: 3/3
   625 | D:1      | 625 ||| UPGRADING to +0 ring mail.
   635 | D:1      | 635 ||| DROPPING +0 robe.
   636 | D:1      | 636 ||| READING scroll labelled LIPLUI KAPPE.
   637 | D:1      | 637 ||| READING scroll labelled ATHUXU SUSOI.
   638 | D:1      | 638 ||| DRINKING 2 inky potions.
   639 | D:1      | 639 ||| DROPPING scroll of poison.
   673 | D:2      | 673 ||| Stepping ~*~*~tactically~*~*~ (outnumbered).
   675 | D:2      | 675 ||| Stepping ~*~*~tactically~*~*~ (outnumbered).
  1205 | D:2      | Reached skill level 4 in Ranged Weapons
  1366 | D:2      | 1366 ||| READING scroll labelled BEOGUYCSIJ.
  1367 | D:2      | 1367 ||| READING scroll labelled JUT HIELOATYAW.
  1370 | D:2      | 1370 ||| DRINKING 2 blue potions.
  1458 | D:3      | Found a glowing golden altar of the Shining One.
  1512 | D:3      | Reached skill level 1 in Armour
  1668 | D:3      | Reached XP level 4. HP: 36/36 MP: 4/4
  1707 | D:3      | HP: 5/36 [gnoll/+0 flail (12)]
  1707 | D:3      | HP: 2/36 [gnoll/+0 halberd (3)]
  1707 | D:3      | Slain by a gnoll

Levels and vault maps discovered:
D:1:      dpeg_arrival_tiny_c, layout_loops_ring
D:2:      layout_basic, grunt_ministairs_11
D:3:      layout_loops_ring, kennysheep_vampire_church,
          nicolae_tso_carved_into_rock, nrook_mini_vaults,
          uniq_crazy_yiuf_cottage, uniq_jessica

Skill      XL: |  1  2  3 |
---------------+----------+-----
Ranged Weapons | 3 4 |  4.3
Fighting       | 2 |  2.0
Armour         | 1 |  1.0
Dodging        | |  2.1
Spellcasting   | |  1.0
Hexes          | |  2.0

Action                     |  1- 3 |  4- 6 || total
---------------------------+-------+-------++-------
   Fire: Sling             |   115 |     3 ||   118
    Use: Scroll            |     4 |       ||     4
         Potion            |     2 |       ||     2
 Armour: Robe              |     1 |       ||     1
         Ring mail         |    12 |     1 ||    13
  Dodge: Dodged            |    37 |     3 ||    40

Table legend:
 A = Non-vault XP
 B = Vault XP
 C = Vault XP percentage of total XP
 D = Non-vault monster count
 E = Vault monster count
 F = Vault count percentage of total count
                 A         B        C        D         E       F
            +---------+---------+-------+---------+---------+-------
      Total |      94 |       3 |   3.1 |      46 |       2 |   4.2
            +---------+---------+-------+---------+---------+-------
        D:1 |      45 |       0 |   0.0 |      25 |       0 |   0.0
        D:2 |      16 |       3 |  15.8 |      10 |       2 |  16.7
        D:3 |      33 |       0 |   0.0 |      11 |       0 |   0.0
            +---------+---------+-------+---------+---------+-------
